 Dungeon Crawl Stone Soup version 0.22-a0-322-g60b3cfd (webtiles) character file.

37 Kairos the Skirmisher (level 3, 29/29 HPs)
             Began as a Mummy Fighter on Apr 5, 2018.
             Safely got out of the dungeon.
             The game lasted 00:00:55 (729 turns).

Kairos the Skirmisher (Mummy Fighter)                Turns: 729, Time: 00:00:56

Health: 29/29      AC:  6    Str: 19    XL:     3   Next: 23%
Magic:  3/3        EV:  7    Int:  7    God:
Gold:   36         SH:  9    Dex: 12    Spells: 2/2 levels left

rFire    x . .     SeeInvis .   a - +0 flail
rCold    + . .     Gourm    .   c - +0 shield
rNeg     + + +     Faith    .   b - +0 scale mail
rPois    ∞         Spirit   .   (no helmet)
rElec    .         Reflect  .   (no cloak)
rCorr    .         Harm     .   (no gloves)
MR       .....                  (no boots)
Stlth    ..........             (no amulet)
HPRegen  0.09/turn              (no ring)
MPRegen  0.08/turn              (no ring)

@: no status effects
A: no food or potions, fire vulnerability, cold resistance 1, negative energy
resistance 3, torment resistance, unbreathing
a: no special abilities


You escaped.
You were not hungry.

You visited 1 branch of the dungeon, and saw 1 of its levels.

You collected 36 gold pieces.

Inventory:

Hand Weapons
 a - a +0 flail (weapon)
Armour
 b - a +0 scale mail (worn)
 c - a +0 shield (worn)
Scrolls
 d - 3 scrolls of identify {unknown}
 e - a scroll of immolation {unknown}


   Skills:
 + Level 3.4 Fighting
 + Level 1.8 Maces & Flails
 + Level 2.6 Armour
 + Level 0.1 Dodging
 + Level 2.9 Shields


You had 2 spell levels left.
You didn't know any spells.

Dungeon Overview and Level Annotations

Branches:
Dungeon (1/15)

Altars:


Innate Abilities, Weirdness & Mutations

You do not eat or drink.
Your flesh is vulnerable to fire.
You are immune to poison.
Your flesh is cold resistant. (rC+)
You are immune to negative energy. (rN+++)
You are immune to unholy pain and torment.
You can survive without breathing.


Message History

You see here a leopard gecko corpse.
You open the door.
There is an open door here.
There is an open door here.
There is an open door here.
You see here a bat skeleton.
You see here 21 stones.
You open the door.
There is an open door here.
There is a stone staircase leading down here.
Done exploring.
No target in view!
Done exploring.
Done exploring.
No target in view!
There is a stone staircase leading down here.
There is an open door here.
There is a staircase leading out of the dungeon here.
Are you sure you want to leave the Dungeon?
This will make you lose the game!
You have escaped!

.........#
##########.##.# #.(#
########## #.##.# #.(#
#..#.# #.(#
##########.#.# #..#
##.....(.##.#.# #..#
##..#####..#...# #..#
##..#.....#..#..# #...
##..#.......#....#####...
#(.#....@....#...#.......
##..#.......#....#.......
#...#.....#....##.......
#....#####....###.......
#...............'....†..
##.#...#####..####.......
#..##### #..# #.......
#########.## ##>#
##....... .....÷....# ###
#....†...


There were no monsters in sight!

Vanquished Creatures
  An ooze (D:1)
  A dart slug (D:1)
  2 leopard geckos (D:1)
  7 bats (D:1)
  2 giant cockroaches (D:1)
  2 goblins (D:1)
  A hobgoblin (D:1)
  A ball python (D:1)
  2 frilled lizards (D:1)
  7 kobolds (D:1)
  5 rats (D:1)
31 creatures vanquished.

Notes
Turn   | Place    | Note
-------+----------+-------------------------------------------
     0 | D:1      | Kairos the Mummy Fighter began the quest for the Orb.
     0 | D:1      | Reached XP level 1. HP: 18/18 MP: 1/1
   122 | D:1      | Reached XP level 2. HP: 22/24 MP: 2/2
   434 | D:1      | Reached XP level 3. HP: 26/29 MP: 3/3
   729 | D:$      | Safely got out of the dungeon.

Vault maps used:
D:1:      scummos_arrival_hexagon

Action                   || total
-------------------------++-------
Melee: Flail             ||   108
Armor: Scale mail        ||    69
Dodge: Dodged            ||    39
Block: Shield            ||    65

Table legend:
 A = Spawn XP
 B = Non-spawn XP
 C = Spawn XP percentage of total XP
 D = Spawn monster count
 E = Non-spawn monster count
 F = Spawn count percentage of total count
 G = Total turns spent on level
                    A         B        C        D         E        F      G
               +---------+---------+-------+---------+---------+-------+---------
         Total |       0 |      54 |   0.0 |       0 |      31 |   0.0 |   729
               +---------+---------+-------+---------+---------+-------+---------
           D:1 |       0 |      54 |   0.0 |       0 |      31 |   0.0 |   729
               +---------+---------+-------+---------+---------+-------+---------
